 Dungeon Crawl Stone Soup version 0.25-a0-513-ge77a69270c (webtiles) character file.

Game seed: 2508970164434946699, levelgen mode: classic

109213 EnegeticOcto the Pandemonic (level 16, -2/169 HPs)
             Began as a Deep Dwarf Fighter on Feb 16, 2020.
             Was a High Priest of Makhleb.
             Slain by a spark wasp (26 damage)
             ... on level 4 of the Spider Nest.
             The game lasted 00:15:16 (15955 turns).

EnegeticOcto the Pandemonic (Deep Dwarf Fighter)   Turns: 15955, Time: 00:15:17

Health: -2/169     AC:  9    Str: 30    XL:     16   Next: 4%
Magic:  3/8        EV:  7    Int: 13    God:    Makhleb [*****.]
Gold:   1107       SH:  0    Dex: 12    Spells: 15/15 levels left

rFire    + . .     SeeInvis .   P - +8 hand axe "Zetzuank" {elec, rC+++ Str+3}
rCold    + + +     Gourm    .   c - +0 kite shield
rNeg     + . .     Faith    .   j - +8 chain mail {rF+}
rPois    +         Spirit   .   K - +2 helmet
rElec    .         Reflect  .   (no cloak)
rCorr    .         Harm     .   y - +0 pair of gloves
MR       +++..                  J - -2 pair of boots of Peeneblu {rPois MR+ Int+4}
Stlth    ..........             (no amulet)
HPRegen  0.00/turn              (no ring)
MPRegen  0.11/turn              B - +1 ring of protection

@: corroded, berserk cooldown, very slightly contaminated, held,
non-regenerating, slowed, invisible, very slow
A: damage resistance, heal wounds, deformed body, low mp 1, mutation resistance
1, negative energy resistance 1, sense surroundings 2, robust 1, no regeneration
a: Heal Wounds, Minor Destruction, Lesser Servant of Makhleb, Major Destruction,
Greater Servant of Makhleb, Renounce Religion


You were on level 4 of the Spider Nest.
You worshipped Makhleb.
Makhleb was extremely pleased with you.
You were not hungry.

You visited 4 branches of the dungeon, and saw 26 of its levels.
You visited 1 bazaar.
You also visited: Ossuary and Ice Cave.

You collected 1934 gold pieces.
You spent 827 gold pieces at shops.

Inventory:

Hand Weapons
 a - a +5 broad axe of draining
 r - a +0 war axe of venom
 P - the +8 hand axe "Zetzuank" (weapon) {elec, rC+++ Str+3}
   (You found it on level 13 of the Dungeon)

   Occasionally, upon striking a foe, it will discharge some electrical energy
   and cause terrible harm.
   It affects your strength (+3).
   It renders you almost immune to cold.
 Q - a +0 scimitar of distortion
Missiles
 b - 2 throwing nets (quivered)
 E - 32 arrows
Armour
 c - a +0 kite shield (worn)
 j - a +8 chain mail of fire resistance (worn)
 y - a +0 pair of gloves (worn)
 J - the -2 pair of boots of Peeneblu (worn) {rPois MR+ Int+4}
   (You bought it in a shop on level 10 of the Dungeon)

   It affects your intelligence (+4).
   It protects you from poison.
   It affects your resistance to hostile enchantments.
   If you remove this armour, your AC will increase by 1 (9 -> 10).
 K - a +2 helmet (worn)
Jewellery
 B - a +1 ring of protection (right hand)
Wands
 A - a wand of iceblast (14)
 C - a wand of polymorph (15)
 F - a wand of digging (14) {@V2}
 H - a wand of scattershot (12)
 I - a wand of flame (73)
 L - a wand of disintegration (10)
 M - a wand of acid (30) {@V1}
Scrolls
 h - 12 scrolls of remove curse {@r6}
 i - 15 scrolls of teleportation {@r2}
 m - 4 scrolls of fear
 p - a scroll of identify {@r1}
 q - 2 scrolls of fog
 s - a scroll of vulnerability
 t - 2 scrolls of immolation {@r4}
 u - 5 scrolls of magic mapping {@r5}
 N - 4 scrolls of blinking {@r3}
Potions
 d - 3 potions of might {@q3}
 f - 8 potions of flight
 k - 3 potions of brilliance
 l - 5 potions of heal wounds {@q2}
 n - a potion of haste {@q4}
 o - 4 potions of curing {@q1}
 v - a potion of berserk rage
 w - 7 potions of lignification {@q7}
 x - 4 potions of cancellation
 z - a potion of invisibility
 D - 6 potions of agility {@q5}
 G - a potion of mutation
Miscellaneous
 S - a lamp of fire
Comestibles
 e - 39 rations


   Skills:
 * Level 12.7 Fighting
 * Level 15.1 Axes
 + Level 11.6 Armour
 + Level 11.0 Dodging
 + Level 11.5 Shields
 * Level 16.2 Invocations


You had 15 spell levels left.
You didn't know any spells.
Your spell library contained the following spells:

 Spells                   Type           Power        Failure   Level  Hunger
 Magic Dart               Conj           #...         87%         1    ##.....
 Sandblast                Erth           #.....       87%         1    ##.....
 Blink                    Tloc           N/A          95%         2    ###....
 Call Imp                 Summ           #.......     95%         2    ###....
 Passwall                 Tmut/Erth      #.......     95%         2    ###....
 Searing Ray              Conj           #.....       95%         2    ###....
 Slow                     Hex            #.......     95%         2    ###....
 Conjure Flame            Conj/Fire      #.......     99%         3    ####...
 Dazzling Flash           Conj/Hex       #.....       99%         3    ####...
 Mephitic Cloud           Conj/Pois/Air  #.......     99%         3    ####...
 Stone Arrow              Conj/Erth      #.....       99%         3    ####...
 Fulminant Prism          Conj/Hex       #.........   100%        4    #####..
 Ice Form                 Ice/Tmut       #.......     100%        4    #####..
 Iskenderun's Mystic Bla  Conj/Tloc      #.......     100%        4    #####..
 Petrify                  Tmut/Erth      #.......     100%        4    #####..
 Lee's Rapid Deconstruct  Erth           #.........   100%        5    ######.
 Metabolic Englaciation   Hex/Ice        #.........   100%        5    ######.
 Freezing Cloud           Conj/Ice/Air   #.........   100%        6    #######
 Ozocubu's Refrigeration  Ice            #.........   100%        6    #######
 Simulacrum               Ice/Necr       #.........   100%        6    #######


Dungeon Overview and Level Annotations

Branches:
Dungeon (15/15)            Temple (1/1) D:6            Lair (6/6) D:9
  Swamp (0/4) Lair:2       Spider (4/4) Lair:4        Slime (0/5) Lair:5
    Orc (0/2) D:12         Vaults (0/5) D:13         Depths (0/5) D:15
Ossuary (visited)           IceCv (visited)

Altars:
Ashenzari
Cheibriados
Dithmenos
Elyvilon
Fedhas
Gozag
Hepliaklqana
Makhleb
Qazlal
Ru
Sif Muna
Trog
Uskayaw
Vehumet
Yredelemnul
Zin
The Shining One

Shops:
D:4 :   D:10 [

Annotations:
Lair:4 2 transporters, Siyc's ghost, journeyman DsWn


Innate Abilities, Weirdness & Mutations

You are resistant to damage.
You can heal yourself by infusing magical energy.
You resist negative energy. (rN+)
You passively map the area around you.
You do not regenerate.
Armour fits poorly on your strangely shaped body.
Your magical capacity is low. (-10% MP)
You are somewhat resistant to further mutation.
You are robust. (+10% HP)


Message History

Your blizzard demon appears confused.
Your blizzard demon completely misses your balrug.
Your blizzard demon hits your balrug.
The spark wasp stings your blizzard demon!!
The spark wasp shocks your blizzard demon.
Your blizzard demon completely resists.
The jumping spider completely misses you.
The jumping spider closely misses you. The jumping spider pounces on you.
The jumping spider bites you but does no damage.
A moth of wrath comes into view.
The emperor scorpion stings your orange demon!
The emperor scorpion closely misses your orange demon.
The emperor scorpion claws your orange demon.
Your balrug gestures at the jumping spider.
The fireball explodes!
The fireball engulfs the jumping spider!!
The fireball engulfs your balrug.
Your balrug completely resists.
Your balrug struggles to get unstuck from the web.
The entropy weaver hits you but does no damage.
The entropy weaver closely misses you. The entropy weaver hits you! x2
Your orange demon stings the emperor scorpion but does no damage.
Your orange demon barely misses the emperor scorpion.
You hear an angry hiss.
You hear an angry buzzing noise.
You hear an angry hiss.
You hear an angry buzzing noise.
You hear a hideous shriek!
A jumping spider comes into view.
The web tears apart.
The tarantella hisses angrily.
The hornet buzzes angrily.
The jumping spider hisses angrily.
The moth of wrath's fur bristles in rage as it notices you.
The jumping spider pounces on your balrug.
The jumping spider bites your balrug.
The tarantella bites your blizzard demon!
Your blizzard demon dies!
The spark wasp misses you. The jumping spider closely misses you.
The jumping spider barely misses you. You block the entropy weaver's attack.
The entropy weaver hits you. The entropy weaver hits you!
You block the entropy weaver's attack. The spark wasp stings you!
The spark wasp shocks you!
The jumping spider pounces on your balrug.
Your balrug dies!
The emperor scorpion stings your orange demon!
The emperor scorpion claws your orange demon. x2
Your orange demon dies!
The jumping spider barely misses you.
The jumping spider bites you but does no damage.
You block the entropy weaver's attack. The entropy weaver hits you.
The entropy weaver hits you but does no damage.
You block the entropy weaver's attack.
The jumping spider moves out of view.
The jumping spider hisses angrily.
Really read the scroll of immolation?
As you read the scroll of immolation {@r4}, it crumbles to dust.
The creatures around you are filled with an inner flame!
The tarantella hisses angrily.
Flame seeps out of the entropy weaver. x2; The jumping spider misses you.
The jumping spider barely misses you. The tarantella completely misses you.
The spark wasp barely misses you.
The jumping spider barely misses you. x2
You block the jumping spider's attack. The jumping spider bites you.
The jumping spider barely misses you. The jumping spider closely misses you.
You block the spark wasp's attack. You block the tarantella's attack.
The entropy weaver is engulfed in blazing flames.
Flame seeps out of the entropy weaver.
The entropy weaver misses you. The entropy weaver hits you.
The entropy weaver hits you! The entropy weaver hits you.
The jumping spider barely misses you. The jumping spider bites you.
A hornet comes into view.
The jumping spider pounces on you but does no damage.
You block the jumping spider's attack. The spark wasp barely misses you.
Your magical essence is drained by the effort!
You feel much better.
The moth of wrath's fur bristles in rage as it notices you.
The jumping spider closely misses you. You block the jumping spider's attack.
The entropy weaver is engulfed in blazing flames.
Flame seeps out of the entropy weaver.
The entropy weaver hits you! You block the entropy weaver's attack.
The entropy weaver hits you!
The entropy weaver hits you but does no damage.
You block the jumping spider's attack. The jumping spider misses you.
The spark wasp closely misses you.
The jumping spider pounces on you but does no damage.
The jumping spider bites you but does no damage.
The entropy weaver is engulfed in blazing flames.
Flame seeps out of the entropy weaver.
The entropy weaver closely misses you. The entropy weaver misses you.
The entropy weaver hits you. The entropy weaver barely misses you.
The jumping spider pounces on you!
* * * LOW HITPOINT WARNING * * *
You block the jumping spider's attack. The spark wasp barely misses you.
The jumping spider pounces on you!
* * * LOW HITPOINT WARNING * * *
You are caught in a web!
The jumping spider bites you. The redback bites you!
* * * LOW HITPOINT WARNING * * *
The hornet buzzes angrily.
You struggle to detach yourself from the web.
The hornet buzzes angrily.
You hear an angry hiss.
Flame seeps out of the entropy weaver.
The jumping spider pounces on you but does no damage.
The jumping spider bites you.
* * * LOW HITPOINT WARNING * * *
The spark wasp stings you!!
You die...

###.^.., , ^ ,, *#..
#^^..(s.., , ,,* ...
*##....sss^ , , , ≈^^ *
^..^.syss , ^ ##### **^
^..^^.ss. ########....
.....^s.#####.^^^^....^4
^....##s^..^^.....#$...^
,
.....ysya.......†..^....
,,
......s@ss........#...^.
,
$..(...ss.........^^≈^..
*
,........^^.......≈^#####
, .....^≈.y##^..^^^###
......##..##.^^### ^ * ,
.....^,....##### ,^,,* *
......^.... ≈ ^ * ......
,.... , ^ ,** ,, , , , *


You could see an emperor scorpion (inner flame), an entropy weaver (inner
flame), a spark wasp (inner flame), a moth of wrath (inner flame), 2 hornets, 9
jumping spiders, 2 tarantellas and 5 redbacks.

Vanquished Creatures
  A reaper (IceCv)
  An entropy weaver (Spider:1)
  2 stone giants
  Azrael (D:13)
  A dire elephant (Lair:6)
  An ettin (D:13)
  A fire dragon (D:13)
  Snorg (Lair:3)
  5 hydras
  An ice dragon (D:10)
  A catoblepas (Lair:6)
  3 centaur warriors
  6 death yaks (Lair:6)
  5 two-headed ogres
  A deep troll shaman (Lair:6)
  A tengu warrior (D:13)
  A vampire mage (D:15)
  Urug (Lair:5)
  4 skeletal warriors
  2 unseen horrors
  A lindwurm (Lair:3)
  A necromancer (D:15)
  An orc knight (D:15)
  4 orb spiders
  A stone giant zombie (D:15)
  3 ugly things
  Pikel (D:8)
  4 cyclopes
  A manticore (D:15)
  13 elephants (Lair:6)
  10 wolf spiders
  A torpor snail (Spider:4)
  4 black mambas
  2 gargoyles
  Joseph (D:8)
  2 ice statues (IceCv)
  9 spiny frogs
  4 komodo dragons
  A tengu conjurer (D:13)
  A freezing wraith (D:15)
  An efreet (D:15)
  9 ice devils (IceCv)
  9 trolls
  4 demonic crawlers
  A merfolk (shapeshifter) (D:13)
  6 polar bears
  12 jumping spiders
  A troll (shapeshifter) (D:13)
  4 hornets
  3 hippogriffs
  4 slime creatures (D:13)
  A raiju (shapeshifter) (D:13)
  An ettin zombie (D:15)
  An ice dragon zombie (D:15)
  29 redbacks
  A shadow (D:13)
  Sigmund (D:5)
  A fire dragon skeleton (D:15)
  7 wyverns
  A fire elemental (D:13)
  A wraith (D:15)
  12 tarantellas
  Grum (D:8)
  4 basilisks
  49 yaks
  3 hungry ghosts
  Menkaure (D:7)
  Edmund (D:4)
  2 vampire mosquitoes (D:13)
  3 wargs (D:12)
  4 hell hounds (D:13)
  Duvessa (D:7)
  An acid dragon (D:13)
  12 water moccasins
  5 porcupines
  A hornet zombie (D:7)
  5 ice beasts
  A sky beast (D:13)
  8 orc warriors
  5 black bears
  A necrophage (D:14)
  4 phantoms
  8 ogres
  3 eyes of draining
  37 wolves
  28 centaurs
  10 crocodiles
  A big kobold (D:11)
  Blork the orc (D:4)
  13 bullfrogs
  A gnoll sergeant (D:8)
  2 scorpions
  3 wyvern skeletons
  Dowan (D:7)
  4 wights
  4 electric eels
  5 howler monkeys
  11 crimson imps
  3 bullfrog zombies
  9 centaur zombies
  A human zombie (Ossuary)
  4 centaur skeletons
  A bullfrog skeleton (D:4)
  7 hounds
  2 jellies
  3 orc priests
  13 orc wizards
  Natasha (thrice) (D:2)
  9 worker ants
  5 iguanas
  7 hell rats (Lair:3)
  A big kobold zombie (Ossuary)
  A hound skeleton (D:7)
  4 mummies (Ossuary)
  A worker ant zombie (D:9)
  4 gnolls (D:8)
  15 river rats
  13 adders
  7 shadow imps
  7 white imps (IceCv)
  5 ufetubi (IceCv)
  3 oozes (D:4)
  2 worms
  A dart slug (D:2)
  A leopard gecko (D:6)
  33 orcs
  7 giant cockroaches
  3 hobgoblins
  12 jackals
  7 quokkas
  A ball python (D:2)
  5 bats
  4 frilled lizards
  A goblin (D:2)
  A goblin zombie (Ossuary)
  A hobgoblin zombie (Ossuary)
  10 kobolds
  A leopard gecko skeleton (D:5)
  A quokka skeleton (D:4)
  A quokka zombie (D:5)
  12 rats
  A rat zombie (D:5)
  A fungus (Lair:6)
  2 plants (Lair:6)
  2 withered plants (D:15)
697 creatures vanquished.

Vanquished Creatures (collateral kills)
  Mara (Spider:3)
  Rupert (D:14)
  2 emperor scorpions (Spider:4)
  A skeletal warrior (D:14)
  2 orb spiders (Spider:4)
  7 wolf spiders (Spider:4)
  A spiny frog (Lair:6)
  4 demonic crawlers
  2 trolls
  An ice devil (IceCv)
  A polar bear (Lair:6)
  3 jumping spiders
  2 hornets (Spider:4)
  A hippogriff (D:15)
  8 redbacks
  4 tarantellas
  2 yaks (Lair:6)
  A water moccasin (D:14)
  3 centaurs
  An orc (D:14)
48 creatures vanquished.

Vanquished Creatures (others)
  A hippogriff (D:10)
  A tarantella (Spider:3)
  A crimson imp (D:8)
  2 white imps (IceCv)
  4 ufetubi (IceCv)
  A fungus (Lair:6)
  6 plants (D:13)
16 creatures vanquished.

Grand Total: 761 creatures vanquished

Notes
Turn   | Place    | Note
-------+----------+-------------------------------------------
     0 | D:1      | EnegeticOcto the Deep Dwarf Fighter began the quest for the
                  | Orb.
     0 | D:1      | Reached XP level 1. HP: 20/20 MP: 1/1
   124 | D:2      | Reached skill level 1 in Dodging
   124 | D:2      | Reached XP level 2. HP: 14/27 MP: 2/2
   124 | D:2      | Reached XP level 3. HP: 18/33 MP: 3/3
   207 | D:2      | Noticed Natasha
   214 | D:2      | Killed Natasha
   214 | D:2      | Reached XP level 4. HP: 21/42 MP: 4/4
   281 | D:2      | Noticed Natasha
   287 | D:2      | Killed Natasha
   293 | D:2      | Noticed Natasha
   304 | D:2      | Killed Natasha
   304 | D:2      | Reached XP level 5. HP: 39/49 MP: 5/5
   453 | D:4      | Noticed Edmund
   454 | D:4      | Found Xacuck's Book Emporium.
   504 | D:4      | Killed Edmund
   504 | D:4      | Reached XP level 6. HP: 44/56 MP: 5/5
   757 | D:4      | Reached skill level 5 in Axes
   984 | D:4      | Noticed Blork the orc
   996 | D:4      | Killed Blork the orc
   996 | D:4      | Reached XP level 7. HP: 30/63 MP: 6/6
  1204 | D:5      | Entered Level 5 of the Dungeon
  1213 | D:5      | Found a shadowy altar of Dithmenos.
  1244 | D:5      | Found a sand-covered staircase.
  1253 | Ossuary  | Entered an ossuary
  1467 | Ossuary  | Reached skill level 5 in Shields
  1535 | D:5      | Reached skill level 5 in Armour
  1584 | D:5      | Found a bloodstained altar of Trog.
  1819 | D:5      | Noticed Sigmund
  1835 | D:5      | Killed Sigmund
  1835 | D:5      | Reached XP level 8. HP: 73/73 MP: 7/7
  1999 | D:6      | Identified a scroll of acquirement
  2032 | D:6      | Found a hide-covered altar of Uskayaw.
  2182 | D:6      | Found a staircase to the Ecumenical Temple.
  2196 | Temple   | Entered the Ecumenical Temple
  2350 | Temple   | Became a worshipper of Makhleb the Destroyer
  2476 | D:6      | Reached skill level 1 in Invocations
  2513 | D:6      | Reached skill level 2 in Invocations
  2660 | D:6      | Found a sacrificial altar of Ru.
  2882 | D:7      | Noticed Dowan
  2885 | D:7      | Noticed Duvessa
  2895 | D:7      | Killed Dowan
  2895 | D:7      | Reached skill level 5 in Fighting
  2916 | D:7      | Killed Duvessa
  2946 | D:7      | Noticed a hippogriff
  2958 | D:7      | Killed a hippogriff
  2958 | D:7      | Reached skill level 3 in Invocations
  2958 | D:7      | Gained mutation: You passively map the area around you.
                  | [Deep Dwarf growth]
  2958 | D:7      | Reached XP level 9. HP: 57/81 MP: 10/10
  2995 | D:7      | Reached * piety under Makhleb
  3127 | D:7      | Found a stormy altar of Qazlal.
  3220 | D:7      | Got a pitted scale mail
  3231 | D:7      | Identified the +3 scale mail "Xitt" {Int+3} (You found it
                  | on level 7 of the Dungeon)
  3472 | D:7      | Reached skill level 5 in Dodging
  3472 | D:7      | Reached skill level 4 in Invocations
  3737 | D:7      | Noticed Menkaure
  3747 | D:7      | Killed Menkaure
  3818 | D:8      | Noticed Pikel
  3834 | D:8      | Killed Pikel
  3834 | D:8      | Reached skill level 5 in Invocations
  3944 | D:8      | Found a shimmering blue altar of Sif Muna.
  4068 | D:8      | Noticed Joseph
  4081 | D:8      | Noticed Grum
  4082 | D:8      | Killed Joseph
  4093 | D:8      | Reached ** piety under Makhleb
  4093 | D:8      | Reached skill level 6 in Invocations
  4096 | D:8      | Noticed a two-headed ogre
  4105 | D:8      | Reached XP level 10. HP: 39/92 MP: 13/13
  4117 | D:8      | Killed a two-headed ogre
  4124 | D:8      | Killed Grum
  4671 | D:9      | Noticed a cyclops
  4684 | D:9      | Reached skill level 7 in Invocations
  4688 | D:9      | Killed a cyclops
  4833 | D:9      | Reached *** piety under Makhleb
  4869 | D:9      | Found a staircase to the Lair.
  5270 | D:10     | Entered Level 10 of the Dungeon
  5322 | D:10     | Noticed an ice dragon
  5326 | D:10     | Reached skill level 8 in Invocations
  5357 | D:10     | Killed an ice dragon
  5357 | D:10     | Reached XP level 11. HP: 85/100 MP: 11/11
  5499 | D:10     | Reached skill level 10 in Axes
  5668 | D:10     | Found Acsierph's Antique Armour Shop.
  5684 | D:10     | Bought a pair of encrusted boots for 351 gold pieces
  5684 | D:10     | Bought a runed helmet for 277 gold pieces
  5694 | D:10     | Identified the cursed -2 pair of boots of Peeneblu {rPois
                  | MR+ Int+4} (You bought it in a shop on level 10 of the
                  | Dungeon)
  6166 | D:11     | Reached skill level 9 in Invocations
  6170 | D:11     | Reached **** piety under Makhleb
  6184 | D:11     | Found a glowing golden altar of the Shining One.
  6193 | D:11     | Killed an unseen horror
  6721 | D:11     | Noticed a brown ugly thing
  6736 | D:11     | Killed a brown ugly thing
  6927 | D:12     | You fall into a shaft and drop 1 floor!
  6984 | D:12     | Noticed a two-headed ogre
  6984 | D:12     | Noticed a stone giant
  6984 | D:12     | Noticed a two-headed ogre
  6985 | D:12     | Found the +6 shillelagh "Devastator" {shatter}
  7003 | D:12     | Reached skill level 10 in Invocations
  7006 | D:12     | Killed a two-headed ogre
  7007 | D:12     | Killed a two-headed ogre
  7007 | D:12     | Reached XP level 12. HP: 85/112 MP: 11/11
  7020 | D:12     | Killed a stone giant
  7103 | D:12     | Found a staircase to the Orcish Mines.
  7133 | D:12     | Noticed a two-headed ogre
  7140 | D:12     | Killed a two-headed ogre
  7256 | D:12     | Noticed a two-headed ogre
  7266 | D:12     | Killed a two-headed ogre
  7800 | D:12     | Reached skill level 11 in Invocations
  8007 | D:13     | Found a gate to the Vaults.
  8033 | D:13     | Reached ***** piety under Makhleb
  8047 | D:13     | Noticed a centaur warrior
  8055 | D:13     | Killed a centaur warrior
  8172 | D:13     | Found a flickering gateway to a bazaar.
  8188 | Bazaar   | Entered a bazaar
  8211 | Bazaar   | Found Daiwnid's Distillery.
  8224 | Bazaar   | Found Ycyebotu's Distillery.
  8256 | Bazaar   | Found Yzamy's Armour Shop.
  8256 | Bazaar   | Found Maympar's Magic Scroll Boutique.
  8273 | Bazaar   | Bought a scroll of magic mapping for 63 gold pieces
  8285 | Bazaar   | Bought a potion of cancellation for 136 gold pieces
  8336 | D:13     | Noticed a centaur warrior
  8352 | D:13     | Killed a centaur warrior
  8528 | D:13     | Noticed an ettin
  8529 | D:13     | Noticed a stone giant
  8530 | D:13     | Reached XP level 13. HP: 123/123 MP: 11/11
  8546 | D:13     | Killed a stone giant
  8546 | D:13     | Reached skill level 12 in Invocations
  8548 | D:13     | Noticed a fire dragon
  8552 | D:13     | Killed an ettin
  8552 | D:13     | Reached skill level 10 in Fighting
  8573 | D:13     | Killed a fire dragon
  8758 | D:13     | Got a slimy hand axe
  8759 | D:13     | Identified the +8 hand axe "Zetzuank" {elec, rC+++ Str+3}
                  | (You found it on level 13 of the Dungeon)
  8870 | D:13     | Noticed Azrael
  8890 | D:13     | Killed Azrael
  9131 | D:14     | Found a frozen archway.
  9167 | IceCv    | Entered an ice cave
  9351 | IceCv    | Noticed a reaper
  9384 | IceCv    | Killed a reaper
  9500 | D:14     | Noticed Rupert
  9520 | D:14     | Killed Rupert
  9520 | D:14     | Reached skill level 13 in Invocations
  9619 | D:14     | Reached skill level 10 in Armour
  9619 | D:14     | Reached skill level 10 in Shields
 10023 | D:14     | Reached ****** piety under Makhleb
 10114 | D:15     | Entered Level 15 of the Dungeon
 10132 | D:15     | Gained mutation: You resist negative energy. (rN+) [Deep
                  | Dwarf growth]
 10132 | D:15     | Reached XP level 14. HP: 133/133 MP: 12/12
 10220 | D:15     | Found a staircase to the Depths.
 11044 | Lair:1   | Entered Level 1 of the Lair of Beasts
 11482 | Lair:2   | Found a staircase to the Swamp.
 11490 | Lair:2   | Reached skill level 14 in Invocations
 11804 | Lair:3   | Noticed Snorg
 11818 | Lair:3   | Killed Snorg
 12257 | Lair:3   | Gained mutation: Your magical capacity is low. (-10% MP)
                  | [potion of mutation]
 12257 | Lair:3   | Gained mutation: Armour fits poorly on your strangely
                  | shaped body. [potion of mutation]
 12257 | Lair:3   | Gained mutation: You are robust. (+10% HP) [potion of
                  | mutation]
 12257 | Lair:3   | Gained mutation: You are somewhat resistant to further
                  | mutation. [potion of mutation]
 12377 | Lair:3   | Reached skill level 10 in Dodging
 12573 | Lair:4   | Found a transporter.
 12647 | Lair:4   | Found a hole to the Spider Nest.
 12742 | Lair:4   | Found a transporter.
 12745 | Lair:4   | Noticed Siyc's ghost (journeyman DsWn)
 13388 | Lair:5   | Noticed Urug
 13401 | Lair:5   | Killed Urug
 13498 | Lair:5   | Found a staircase to the Slime Pits.
 13998 | Lair:6   | Entered Level 6 of the Lair of Beasts
 14115 | Lair:6   | Reached XP level 15. HP: 158/158 MP: 8/8
 14165 | Lair:6   | Found a blossoming altar of Fedhas.
 14455 | Lair:6   | Reached skill level 15 in Invocations
 15003 | Spider:1 | Entered Level 1 of the Spider Nest
 15250 | Spider:3 | Noticed Mara
 15269 | Spider:3 | Noticed EnegeticOcto's illusion
 15288 | Spider:3 | Killed Mara
 15612 | Spider:4 | Entered Level 4 of the Spider Nest
 15693 | Spider:4 | Reached skill level 15 in Axes
 15742 | Spider:4 | Reached skill level 16 in Invocations
 15807 | Spider:4 | Paralysed by a hornet for 2 turns
 15913 | Spider:4 | Reached XP level 16. HP: 154/169 MP: 10/10
 15955 | Spider:4 | Slain by a spark wasp

Levels and vault maps discovered:
D:1:      minmay_arrival_nine_rooms, layout_loops_cross
D:2:      layout_basic, lemuel_crystal_altar, nicolae_overflow_hidden_temple,
          uniq_crazy_yiuf_cottage, uniq_natasha
D:3:      minmay_bubble_buster, layout_loops_corners, old_standard_altar
D:4:      minmay_chambers_of_twos, layout_basic, first_ration, serial_shops,
          shop, uniq_edmund, uniq_blork_the_orc
D:5:      layout_rooms, bloody_trog, grunt_dithmenos_smoke_and_mirrors,
          enter_ossuary_4, uniq_sigmund
D:6:      layout_cave_pools, eat_drink_and_be_merry_uskayaw,
          hangedman_ru_absence, minmay_temple_entry_slanted,
          portal_sewer_entry_e
D:7:      layout_cave_pods, nicolae_overflow_crystal_walls, grunt_ogre_cave,
          uniq_duvessa, uniq_menkaure
D:8:      layout_loops_ring, led_sif_pool, minmay_misc_feat_ornament,
          minmay_sticks_and_stones, uniq_joseph, uniq_grum, uniq_pikel
D:9:      layout_layer_cave, erik_lair_island, st_stairs_8
D:10:     dragon1_lemuel, layout_small_grid, serial_shops, shop_fountains
D:11:     layout_stronghold, basic_altar
D:12:     minmay_roctagon, layout_gridville, minmay_orc_entry_guard_dogs
D:13:     minmay_the_grid_3x2 [minmay_the_grid_dragon_b,
          minmay_the_grid_embedded, minmay_the_grid_stretched_grid,
          minmay_the_grid_minigrid_large, minmay_the_grid_zigzag_pyramid,
          minmay_the_grid_prize_diamond_cup], layout_loops_ring, david_vaults_2,
          serial_shops, bzr_in_the_mist, serial_bayou_crossing, uniq_azrael
D:14:     layout_irregular_city, portal_ice_cave_entry_pillars_2,
          hangedman_decor_opposing, uniq_rupert
D:15:     gammafunk_depths_entry_grave, layout_loops_cross, amethyst_killhole
Temple:   hc_temple_tempest_star
Lair:1:   layout_layer_cave
Lair:2:   layout_gridlike, minmay_swamp_entry_reptiles, serial_bayou_pond_b,
          infiniplex_staircase_pool
Lair:3:   lemuel_ratsnest, layout_concentric_octagons, grunt_megastairs_5,
          uniq_snorg
Lair:4:   layout_regular_city, dummy_spider_entry, gammafunk_ghost_arena,
          serial_bayou_pond_a, beast_lair_carwin_4, serial_bayou_shore_a
Lair:5:   layout_regular_city, dpeg_slime_entry_corner,
          gammafunk_lair_bear_cave, lemuel_fruit_tree, uniq_urug
Lair:6:   grunt_lair_end_beastmaster, layout_long_grid, basic_altar,
          grunt_forest_large_clearings
Spider:1: nicolae_spider_mines_1, uniq_louise
Spider:2: layout_chambers, guppyfry_spider_mini_3, nicolae_spider_cling_ruins,
          uniq_nikola, uniq_jorgrun, uniq_arachne
Spider:3: layout_chambers, uniq_donald, uniq_mara
Spider:4: grunt_spider_rune_parallel

Skill      XL: |  1  2  3  4  5  6  7  8  9 10 11 12 13 14 15 |
---------------+----------------------------------------------+-----
Axes           | 3 4 5 6 7 8 9 11 12 13 14 15 | 15.1
Dodging        | 1 2 3 4 5 6 7 8 9 10 11 | 11.0
Fighting       | 3 4 5 6 7 8 9 10 11 12 | 12.7
Shields        | 4 5 6 7 8 9 10 11 | 11.5
Armour         | 4 5 6 7 8 9 10 11 | 11.6
Invocations    | 3 6 8 10 11 13 14 16 | 16.2

Action                   |  1- 3 |  4- 6 |  7- 9 | 10-12 | 13-15 | 16-18 || total
-------------------------+-------+-------+-------+-------+-------+-------++-------
Melee: War axe           |    64 |   160 |   391 |   675 |   113 |       ||  1403
       Shillelagh        |       |       |       |    24 |       |       ||    24
       Hand axe          |       |       |       |       |  1223 |     5 ||  1228
Invok: Lesser Servant of |       |       |       |     2 |    25 |     2 ||    29
       Greater Servant o |       |       |       |       |     4 |     1 ||     5
 Abil: Heal Wounds       |     1 |     6 |     9 |    23 |    14 |     3 ||    56
Evoke: Wand              |       |       |       |       |     7 |       ||     7
  Use: Scroll            |       |       |    17 |     6 |    15 |     1 ||    39
       Potion            |       |       |       |       |     3 |     3 ||     6
 Stab: Distracted        |       |       |       |     1 |     6 |       ||     7
       Petrified         |       |       |       |       |    12 |       ||    12
       Held in net/web   |       |       |       |       |     1 |       ||     1
       Invisible         |       |       |       |       |       |     2 ||     2
  Eat: Chunk             |       |     1 |     7 |    19 |    22 |       ||    49
       Ration            |       |       |     1 |     1 |     1 |       ||     3
Armor: Scale mail        |    38 |    63 |    16 |       |       |       ||   117
       Chain mail        |       |       |   170 |   441 |   722 |    34 ||  1367
Dodge: Dodged            |    21 |    51 |   147 |   320 |   702 |    58 ||  1299
Block: Kite shield       |    40 |    89 |   226 |   510 |   872 |    32 ||  1769

Table legend:
 A = Non-vault XP
 B = Vault XP
 C = Vault XP percentage of total XP
 D = Non-vault monster count
 E = Vault monster count
 F = Vault count percentage of total count
                 A         B        C        D         E       F
            +---------+---------+-------+---------+---------+-------
      Total |   93214 |   62805 |  40.3 |     500 |     241 |  32.5
            +---------+---------+-------+---------+---------+-------
        D:1 |       9 |       0 |   0.0 |       6 |       0 |   0.0
        D:2 |     155 |      36 |  18.8 |      20 |       1 |   4.8
        D:3 |      13 |       0 |   0.0 |       5 |       0 |   0.0
        D:4 |     281 |     334 |  54.3 |      14 |       8 |  36.4
        D:5 |     304 |     229 |  43.0 |       5 |       3 |  37.5
        D:6 |     739 |      58 |   7.3 |      15 |       8 |  34.8
        D:7 |     723 |     509 |  41.3 |      10 |       4 |  28.6
        D:8 |    2121 |    1425 |  40.2 |      30 |       5 |  14.3
        D:9 |    1797 |    1001 |  35.8 |      26 |      10 |  27.8
       D:10 |    1689 |     976 |  36.6 |      15 |       1 |   6.2
       D:11 |    5537 |       0 |   0.0 |      53 |       0 |   0.0
       D:12 |    5248 |    4795 |  47.7 |      27 |      10 |  27.0
       D:13 |    9592 |   10466 |  52.2 |      47 |      28 |  37.3
       D:14 |    6884 |    2895 |  29.6 |      32 |       1 |   3.0
       D:15 |    6180 |    3827 |  38.2 |      22 |       8 |  26.7
     Lair:1 |    2311 |       0 |   0.0 |       7 |       0 |   0.0
     Lair:2 |    1082 |    1093 |  50.3 |       7 |       7 |  50.0
     Lair:3 |    7843 |    1973 |  20.1 |      28 |      34 |  54.8
     Lair:4 |    2022 |    1266 |  38.5 |       8 |       6 |  42.9
     Lair:5 |    1006 |    1554 |  60.7 |       5 |       4 |  44.4
     Lair:6 |   11414 |   13045 |  53.3 |      34 |      43 |  55.8
   Spider:1 |   12662 |       0 |   0.0 |      38 |       0 |   0.0
   Spider:3 |    5981 |    5260 |  46.8 |      21 |       1 |   4.5
   Spider:4 |    7621 |    6064 |  44.3 |      25 |      24 |  49.0
    Ossuary |       0 |     238 | 100.0 |       0 |      10 | 100.0
      IceCv |       0 |    5761 | 100.0 |       0 |      25 | 100.0
            +---------+---------+-------+---------+---------+-------
